AA CENTRAL
SAN ANTONIO MISSIONS @ NORTHWEST ARKANSAS NATURALS
04/18/2042
 
TOP OF THE 1ST
San Antonio Missions batting - Pitching for Northwest Arkansas Naturals : RHP Jeremy Ward
Pitching: RHP Jeremy Ward
Batting: RHB Orlando Hernández 0-0: Called Strike
0-1: Called Strike
0-2: Ball
1-2: Ball
2-2: Foul Ball, location: 9LSF
2-2: SOLO HOME RUN (Flyball, 78XD, EV 113.1 MPH), Distance : 430 ft
Batting: LHB Greg Greene 0-0: Ball
1-0: Called Strike
1-1: Foul Ball, location: 3F
1-2: Ball
2-2: Foul Ball, location: 2LF
2-2: Ground out 5-3 (Groundball, 5L, EV 86.3 MPH)
Batting: RHB Luis Miguel Ortíz 0-0: Ball
1-0: Ball
2-0: Foul Ball, location: 3DF
2-1: Called Strike
2-2: Ball
3-2: Foul Ball, location: 25FF
3-2: Base on Balls
Batting: LHB Greg Nikorak 0-0: Fly out, F8 (Flyball, 8RM, EV 98.8 MPH)
Batting: LHB Johann Sorely 0-0: Called Strike
0-1: Swinging Strike
0-2: Ball
1-2: Strikes out swinging
Top of the 1st over - 1 run, 1 hit, 0 errors, 1 left on base; San Antonio 1 - Northwest Arkansas 0
BOTTOM OF THE 1ST
Northwest Arkansas Naturals batting - Pitching for San Antonio Missions : LHP Mac White
Pitching: LHP Mac White
Batting: LHB Sonny Pouliot 0-0: Ball
1-0: Ball
2-0: Called Strike
2-1: Ground out 4-3 (Groundball, 4, EV 103.1 MPH)
Batting: SHB Jesús Catete 0-0: DOUBLE (Flyball, 89XD, EV 94.4 MPH)
Batting: RHB Cisco Gómez 0-0: Ball
1-0: Called Strike
1-1: Foul Ball, location: 2F
1-2: Foul Ball, location: 5DF
1-2: SINGLE (Line Drive, 78S, EV 90.6 MPH)
Jesús Catete to third
Batting: RHB Kevin Graves 0-0: Foul Ball, location: 3SF
0-1: Ball
1-1: Ball
2-1: Ball
3-1: Foul Ball, location: 9LSF
3-2: Fly out, F4 (Popup, 13S, EV 91.9 MPH)
Batting: LHB Pete Barry 0-0: Ball
1-0: Swinging Strike
1-1: Ball
Wild Pitch!
Jesús Catete scores
Cisco Gómez to second
2-1: Ball
3-1: Called Strike
3-2: Foul Ball, location: 2F
3-2: Fly out, F8 (Flyball, 8RS, EV 91.3 MPH)
Bottom of the 1st over - 1 run, 2 hits, 0 errors, 1 left on base; San Antonio 1 - Northwest Arkansas 1
TOP OF THE 2ND
San Antonio Missions batting - Pitching for Northwest Arkansas Naturals : RHP Jeremy Ward
Batting: RHB Jeff Wright 0-0: Called Strike
0-1: Ball
1-1: Ball
2-1: Ball
3-1: Fly out, F8 (Flyball, 89M, EV 92.5 MPH)
Batting: RHB Peder Fenger 0-0: Called Strike
0-1: Ball
1-1: Hit by Pitch
Batting: RHB John Howatt 0-0: Grounds into double play, 4-6-3 (Groundball, 4, EV 81.3 MPH)
Top of the 2nd over - 0 runs, 0 hits, 0 errors, 0 left on base; San Antonio 1 - Northwest Arkansas 1
BOTTOM OF THE 2ND
Northwest Arkansas Naturals batting - Pitching for San Antonio Missions : LHP Mac White
Batting: SHB Luis Ramírez 0-0: Ball
1-0: Ball
2-0: Called Strike
2-1: Called Strike
2-2: Strikes out swinging
Batting: RHB José Mendoza 0-0: Foul Ball, location: 5SF
0-1: Called Strike
0-2: Ball
1-2: Ground out 6-3 (Groundball, 6M, EV 91.9 MPH)
Batting: RHB Juan Vera 0-0: Ball
1-0: Foul Ball, location: 3F
1-1: Ball
2-1: Foul Ball, location: 5FF
2-2: Strikes out swinging
Bottom of the 2nd over - 0 runs, 0 hits, 0 errors, 0 left on base; San Antonio 1 - Northwest Arkansas 1
TOP OF THE 3RD
San Antonio Missions batting - Pitching for Northwest Arkansas Naturals : RHP Jeremy Ward
Batting: RHB Steve Jones 0-0: Called Strike
0-1: Called Strike
0-2: Strikes out swinging, 2-3 out at first.
Batting: RHB Orlando Hernández 0-0: Foul Ball, location: 2F
0-1: Fly out, F7 (Flyball, 7, EV 92.5 MPH)
Batting: LHB Greg Greene 0-0: Foul Ball, location: 2F
0-1: Foul Ball, location: 3F
0-2: Ground out 2-3 (Groundball, 2L, EV 66.3 MPH)
Top of the 3rd over - 0 runs, 0 hits, 0 errors, 0 left on base; San Antonio 1 - Northwest Arkansas 1
BOTTOM OF THE 3RD
Northwest Arkansas Naturals batting - Pitching for San Antonio Missions : LHP Mac White
Batting: RHB Luis Rivera 0-0: Swinging Strike
0-1: Foul Ball, location: 5F
0-2: Ground out 4-3 (Groundball, 34, EV 101.9 MPH)
Batting: LHB Sonny Pouliot 0-0: Ball
1-0: Called Strike
1-1: Foul Ball, location: 2F
1-2: Ball
2-2: Ball
3-2: DOUBLE (Groundball, 5D, EV 101.3 MPH)
Batting: SHB Jesús Catete 0-0: Called Strike
0-1: Ball
1-1: 2-RUN HOME RUN (Flyball, 7D, EV 99.4 MPH), Distance : 394 ft
Batting: RHB Cisco Gómez 0-0: Called Strike
0-1: Ball
1-1: TRIPLE (Line Drive, 9LD, EV 100.6 MPH)
Batting: RHB Kevin Graves 0-0: Called Strike
0-1: Ball
1-1: Called Strike
1-2: Foul Ball, location: 5F
1-2: Foul Ball, location: 9LSF
1-2: Ball
2-2: Ball
3-2: Foul Ball, location: 9LSF
3-2: Base on Balls
Batting: LHB Pete Barry 0-0: Called Strike
0-1: Ball
1-1: Ball
2-1: Ball
3-1: Called Strike
3-2: Foul Ball, location: 25F
3-2: DOUBLE (Groundball, 3L, EV 105.0 MPH)
Cisco Gómez scores
Kevin Graves to third
Batting: SHB Luis Ramírez 0-0: Ball
1-0: Ball
2-0: Swinging Strike
2-1: Foul Ball, location: 2F
2-2: Ball
3-2: Foul Ball, location: 9LDF
3-2: Base on Balls
Batting: RHB José Mendoza 0-0: Called Strike
0-1: Foul Ball, location: 5FF
0-2: Foul Ball, location: 2F
0-2: Strikes out swinging
Batting: RHB Juan Vera 0-0: Called Strike
0-1: Swinging Strike
0-2: Fly out, F3 (Popup, 3SF, EV 70.0 MPH)
Bottom of the 3rd over - 3 runs, 4 hits, 0 errors, 3 left on base; San Antonio 1 - Northwest Arkansas 4
TOP OF THE 4TH
San Antonio Missions batting - Pitching for Northwest Arkansas Naturals : RHP Jeremy Ward
Batting: RHB Luis Miguel Ortíz 0-0: Ball
1-0: Swinging Strike
1-1: Ball
2-1: Ball
3-1: Base on Balls
Batting: LHB Greg Nikorak 0-0: Ball
1-0: Swinging Strike
1-1: Called Strike
1-2: Ball
2-2: Strikes out swinging
Batting: LHB Johann Sorely 0-0: Swinging Strike
0-1: Called Strike
0-2: Strikes out looking
Batting: RHB Jeff Wright 0-0: Ball
1-0: Fly out, F9 (Flyball, 9, EV 78.1 MPH)
Top of the 4th over - 0 runs, 0 hits, 0 errors, 1 left on base; San Antonio 1 - Northwest Arkansas 4
BOTTOM OF THE 4TH
Northwest Arkansas Naturals batting - Pitching for San Antonio Missions : LHP Mac White
Batting: RHB Luis Rivera 0-0: Ball
1-0: Foul Ball, location: 7LMF
1-1: Ball
2-1: Foul Ball, location: 2LF
2-2: SINGLE (Groundball, 34D, EV 85.0 MPH) (infield hit)
Batting: LHB Sonny Pouliot 0-0: Reached on error, E1 (Groundball, 15S, EV 0.0 MPH)
Luis Rivera to second
Batting: SHB Jesús Catete 0-0: Ball
1-0: Ball
2-0: Called Strike
2-1: Sac Bunt by 13 - play at third, runner safe!
Sonny Pouliot to second
Batting: RHB Cisco Gómez 0-0: Ball
1-0: Foul Ball, location: 2F
1-1: Ball
2-1: Swinging Strike
2-2: Strikes out swinging
Batting: RHB Kevin Graves 0-0: Called Strike
0-1: Swinging Strike
0-2: Foul Ball, location: 2F
0-2: Fly out, F8 (Flyball, 8LS, EV 97.5 MPH)
Batting: LHB Pete Barry 0-0: DOUBLE (Flyball, 9LD, EV 108.1 MPH)
Luis Rivera scores
Sonny Pouliot scores
Jesús Catete to third
Pitching: RHP Bill Yorke
Batting: SHB Luis Ramírez 0-0: Foul Ball, location: 25F
0-1: Ball
1-1: Ball
2-1: Swinging Strike
2-2: Ball
3-2: Base on Balls
Batting: RHB José Mendoza 0-0: Called Strike
0-1: Foul Ball, location: 3FF
0-2: Foul Ball, location: 9LDF
0-2: Ball
1-2: Fielders Choice at 2nd, 6-4 (Groundball, 6, EV 102.5 MPH)
Bottom of the 4th over - 2 runs, 2 hits, 1 error, 3 left on base; San Antonio 1 - Northwest Arkansas 6
TOP OF THE 5TH
San Antonio Missions batting - Pitching for Northwest Arkansas Naturals : RHP Jeremy Ward
Batting: RHB Peder Fenger 0-0: Called Strike
0-1: Called Strike
0-2: Ball
1-2: SINGLE (Groundball, 6M, EV 86.3 MPH) (infield hit)
Batting: RHB John Howatt 0-0: SINGLE (Line Drive, 8LS, EV 106.9 MPH)
Peder Fenger to second
Runner from 2nd tries for 3rd, SAFE, throw by CF made to third
Batting: RHB Steve Jones 0-0: Called Strike
0-1: Called Strike
0-2: Foul Ball, location: 2F
0-2: Ball
1-2: Foul Ball, location: 25F
1-2: Foul Ball, location: 7LDF
1-2: Foul Ball, location: 2F
1-2: 3-RUN HOME RUN (Flyball, 9D, EV 108.1 MPH), Distance : 405 ft
Batting: RHB Orlando Hernández 0-0: Ball
1-0: SINGLE (Groundball, 34D, EV 101.9 MPH)
Batting: LHB Greg Greene 0-0: Foul Ball, location: 3FF
0-1: Ball
1-1: Sac Bunt to 3S - play at first, batter OUT! 3-1
Orlando Hernández to second
Batting: RHB Luis Miguel Ortíz 0-0: Ball
1-0: Foul Ball, location: 5FF
1-1: Foul Ball, location: 3DF
1-2: Ball
2-2: Ball
3-2: TRIPLE (Line Drive, 89XD, EV 105.6 MPH)
Orlando Hernández scores
Pitching: RHP Dave Whitaker
Batting: LHB Greg Nikorak 0-0: Ball
1-0: Foul Ball, location: 7LMF
1-1: Ball
2-1: Fly out, F8 (Flyball, 78M, EV 87.5 MPH)
Runner from 3rd tags up, OUT at HOME! 8-2
Top of the 5th over - 4 runs, 5 hits, 0 errors, 0 left on base; San Antonio 5 - Northwest Arkansas 6
BOTTOM OF THE 5TH
Northwest Arkansas Naturals batting - Pitching for San Antonio Missions : RHP Bill Yorke
Batting: RHB Juan Vera 0-0: Foul Ball, location: 5FF
0-1: Ball
1-1: Ball
2-1: Ball
3-1: Base on Balls
Batting: RHB Luis Rivera 0-0: Called Strike
0-1: Swinging Strike
0-2: Ball
1-2: Strikes out swinging
Batting: LHB Sonny Pouliot 0-0: Ball
1-0: Ball
Juan Vera steals 2nd base
2-0: Swinging Strike
2-1: Ball
3-1: Base on Balls
Batting: SHB Jesús Catete 0-0: Called Strike
0-1: Ball
1-1: Foul Ball, location: 3F
1-2: Grounds into double play, 4-6-3 (Groundball, 4, EV 83.1 MPH)
Bottom of the 5th over - 0 runs, 0 hits, 0 errors, 1 left on base; San Antonio 5 - Northwest Arkansas 6
TOP OF THE 6TH
San Antonio Missions batting - Pitching for Northwest Arkansas Naturals : RHP Dave Whitaker
Batting: LHB Johann Sorely 0-0: SOLO HOME RUN (Line Drive, 9D, EV 113.1 MPH), Distance : 422 ft
Batting: RHB Jeff Wright 0-0: Ball
1-0: Swinging Strike
1-1: Foul Ball, location: 2RF
1-2: Ball
2-2: Fly out, F4 (Popup, 4D, EV 54.4 MPH)
Batting: RHB Peder Fenger 0-0: Called Strike
0-1: Called Strike
0-2: Strikes out swinging, 2-3 out at first.
Batting: RHB John Howatt 0-0: Called Strike
0-1: Foul Ball, location: 3F
0-2: Foul Ball, location: 2F
0-2: Ground out 5-3 (Groundball, 56, EV 81.9 MPH)
Top of the 6th over - 1 run, 1 hit, 0 errors, 0 left on base; San Antonio 6 - Northwest Arkansas 6
BOTTOM OF THE 6TH
Northwest Arkansas Naturals batting - Pitching for San Antonio Missions : RHP Bill Yorke
Batting: RHB Cisco Gómez 0-0: Ball
1-0: Called Strike
1-1: Ball
2-1: Ball
3-1: Foul Ball, location: 2F
3-2: Base on Balls
Batting: RHB Kevin Graves 0-0: Called Strike
0-1: Ball
1-1: Ball
2-1: Swinging Strike
2-2: Strikes out swinging
Batting: LHB Pete Barry 0-0: Called Strike
0-1: SINGLE (Line Drive, 8LS, EV 95.6 MPH)
Cisco Gómez to second
Batting: SHB Luis Ramírez 0-0: Foul Ball, location: 7LMF
0-1: Called Strike
0-2: Ball
1-2: Foul Ball, location: 2F
1-2: Fly out, F6 (Popup, 6M, EV 76.9 MPH)
Batting: RHB José Mendoza 0-0: Swinging Strike
0-1: Foul Ball, location: 5FF
0-2: Ball
1-2: Ball
2-2: Strikes out swinging
Bottom of the 6th over - 0 runs, 1 hit, 0 errors, 2 left on base; San Antonio 6 - Northwest Arkansas 6
TOP OF THE 7TH
San Antonio Missions batting - Pitching for Northwest Arkansas Naturals : RHP Dave Whitaker
Batting: RHB Steve Jones 0-0: Ball
1-0: Foul Ball, location: 2F
1-1: Swinging Strike
1-2: Ball
2-2: Foul Ball, location: 2F
2-2: Ball
3-2: Strikes out swinging
Batting: RHB Orlando Hernández 0-0: Ball
1-0: Ball
2-0: Called Strike
2-1: Foul Ball, location: 3F
2-2: Ball
3-2: Strikes out swinging
Batting: LHB Greg Greene 0-0: Called Strike
0-1: Swinging Strike
0-2: Foul Ball, location: 2F
0-2: Ball
1-2: Ball
2-2: Ball
3-2: Base on Balls
Batting: RHB Luis Miguel Ortíz 0-0: Ball
1-0: Fly out, F8 (Flyball, 8LD, EV 100.0 MPH)
Top of the 7th over - 0 runs, 0 hits, 0 errors, 1 left on base; San Antonio 6 - Northwest Arkansas 6
BOTTOM OF THE 7TH
Northwest Arkansas Naturals batting - Pitching for San Antonio Missions : RHP Bill Yorke
Batting: RHB Juan Vera 0-0: Fly out, F4 (Popup, 4S, EV 71.3 MPH)
Batting: RHB Luis Rivera 0-0: Foul Ball, location: 3F
0-1: Foul Ball, location: 9LSF
0-2: Strikes out swinging
Pitching: LHP Ben García
Batting: LHB Sonny Pouliot 0-0: Ground out 4-3 (Groundball, 34, EV 83.1 MPH)
Bottom of the 7th over - 0 runs, 0 hits, 0 errors, 0 left on base; San Antonio 6 - Northwest Arkansas 6
TOP OF THE 8TH
San Antonio Missions batting - Pitching for Northwest Arkansas Naturals : RHP Dave Whitaker
Batting: LHB Greg Nikorak 0-0: Ball
1-0: Ball
2-0: Ball
3-0: Base on Balls
Batting: LHB Johann Sorely 0-0: Called Strike
0-1: Foul Ball, location: 2F
0-2: Foul Ball, location: 7LDF
0-2: Ball
1-2: Strikes out looking
Pitching: LHP Chris Conley
Batting: RHB Jeff Wright 0-0: Called Strike
0-1: Fly out, F8 (Flyball, 8LD, EV 96.9 MPH)
Batting: RHB Peder Fenger 0-0: Ball
1-0: Foul Ball, location: 5FF
1-1: Ball
2-1: Ground out 6-3 (Groundball, 56, EV 82.5 MPH)
Top of the 8th over - 0 runs, 0 hits, 0 errors, 1 left on base; San Antonio 6 - Northwest Arkansas 6
BOTTOM OF THE 8TH
Northwest Arkansas Naturals batting - Pitching for San Antonio Missions : LHP Ben García
Batting: SHB Jesús Catete 0-0: Called Strike
0-1: Ball
1-1: Foul Ball, location: 7LDF
1-2: Strikes out swinging
Batting: RHB Cisco Gómez 0-0: Called Strike
0-1: Ball
1-1: Foul Ball, location: 7LSF
1-2: Ground out 4-3 (Groundball, 4M, EV 87.5 MPH)
Batting: RHB Kevin Graves 0-0: Called Strike
0-1: Ground out 1-3 (Groundball, P, EV 67.5 MPH)
Bottom of the 8th over - 0 runs, 0 hits, 0 errors, 0 left on base; San Antonio 6 - Northwest Arkansas 6
TOP OF THE 9TH
San Antonio Missions batting - Pitching for Northwest Arkansas Naturals : LHP Chris Conley
Batting: RHB John Howatt 0-0: Called Strike
0-1: Ball
1-1: Swinging Strike
1-2: Ball
2-2: Ground out 3-1 (Groundball, 34, EV 86.3 MPH)
Batting: RHB Steve Jones 0-0: Called Strike
0-1: Fly out, F8 (Flyball, 8RM, EV 100.0 MPH)
Batting: RHB Orlando Hernández 0-0: Called Strike
0-1: Ball
1-1: Called Strike
1-2: Strikes out looking
Top of the 9th over - 0 runs, 0 hits, 0 errors, 0 left on base; San Antonio 6 - Northwest Arkansas 6
BOTTOM OF THE 9TH
Northwest Arkansas Naturals batting - Pitching for San Antonio Missions : LHP Ben García
Pinch Hitting: RHB Marlon Whaley 0-0: Called Strike
0-1: Ball
1-1: Ball
2-1: Swinging Strike
2-2: SINGLE (Groundball, P, EV 83.8 MPH) (infield hit)
Batting: SHB Luis Ramírez 0-0: Bunted foul
0-1: Sac Bunt to 2L - play at first, batter OUT! 2-3
Marlon Whaley to second
Batting: RHB José Mendoza 0-0: Intentional Walk
Pinch Hitting: LHB António Garduno 0-0: Called Strike
0-1: Ball
1-1: Fly out, F4 (Popup, 4, EV 72.5 MPH)
Pinch Hitting: RHB Luis Serrano 0-0: Ball
1-0: Ball
2-0: Called Strike
2-1: Swinging Strike
2-2: Strikes out swinging
Bottom of the 9th over - 0 runs, 1 hit, 0 errors, 2 left on base; San Antonio 6 - Northwest Arkansas 6
TOP OF THE 10TH
San Antonio Missions batting - Pitching for Northwest Arkansas Naturals : LHP Chris Conley
Pitching: LHP Don McKinney
Now at 2B: Marlon Whaley
Now at 3B: Joe Hancock
Now in RF: Luis Serrano
Pinch Hitting: RHB Mike Miller 0-0: Called Strike
0-1: SINGLE (Flyball, 89S, EV 90.6 MPH)
Batting: RHB Luis Miguel Ortíz 0-0: Ball
1-0: Foul Ball, location: 7LSF
1-1: Fly out, F9 (Line Drive, 89M, EV 98.1 MPH)
Batting: RHB Tim James 0-0: Ball
1-0: Called Strike
1-1: Grounds into double play, 4-6-3 (Groundball, 4, EV 93.1 MPH)
Top of the 10th over - 0 runs, 1 hit, 0 errors, 0 left on base; San Antonio 6 - Northwest Arkansas 6
BOTTOM OF THE 10TH
Northwest Arkansas Naturals batting - Pitching for San Antonio Missions : LHP Ben García
Pitching: RHP Kevin Horsfall
Now at 2B: Mike Miller
Batting: LHB Sonny Pouliot 0-0: Ball
1-0: Swinging Strike
1-1: Foul Ball, location: 23FF
1-2: Ball
2-2: Foul Ball, location: 2F
2-2: Strikes out swinging
Batting: SHB Jesús Catete 0-0: Ball
1-0: Called Strike
1-1: Called Strike
1-2: Ball
2-2: Foul Ball, location: 3SF
2-2: Ground out 3-1 (Groundball, 34, EV 102.5 MPH)
Batting: RHB Cisco Gómez 0-0: Ball
1-0: Foul Ball, location: 3F
1-1: Swinging Strike
1-2: DOUBLE (Groundball, 5L, EV 98.8 MPH)
Pinch Hitting: SHB Juan Ramos 0-0: Intentional Walk
Batting: RHB Marlon Whaley 0-0: Fielders Choice at 2nd, 6-4 (Groundball, 4M, EV 100.6 MPH)
Bottom of the 10th over - 0 runs, 1 hit, 0 errors, 2 left on base; San Antonio 6 - Northwest Arkansas 6
TOP OF THE 11TH
San Antonio Missions batting - Pitching for Northwest Arkansas Naturals : LHP Don McKinney
Now at SS: Cris Camacho
Pinch Hitting: RHB Jeremy Brennan 0-0: Ball
1-0: Ball
2-0: Fly out, F7 (Flyball, 78M, EV 100.0 MPH)
Batting: RHB Jeff Wright 0-0: Fly out, F9 (Line Drive, 89M, EV 97.5 MPH)
Batting: RHB Peder Fenger 0-0: Ball
1-0: Called Strike
1-1: Ball
2-1: Ball
3-1: Ground out 4-3 (Groundball, 4S, EV 84.4 MPH)
Top of the 11th over - 0 runs, 0 hits, 0 errors, 0 left on base; San Antonio 6 - Northwest Arkansas 6
BOTTOM OF THE 11TH
Northwest Arkansas Naturals batting - Pitching for San Antonio Missions : RHP Kevin Horsfall
Now in RF: Jorge Cabrera
Batting: SHB Luis Ramírez 0-0: Foul Ball, location: 5FF
0-1: Foul Ball, location: 2F
0-2: Ball
1-2: Foul Ball, location: 5F
1-2: Ball
2-2: Foul Ball, location: 2F
2-2: Ball
3-2: Fly out, F7 (Flyball, 7S, EV 94.4 MPH)
Batting: RHB José Mendoza 0-0: Ball
1-0: Foul Ball, location: 7LMFF
1-1: Foul Ball, location: 3F
1-2: Ball
2-2: Ball
3-2: Foul Ball, location: 2F
3-2: Strikes out swinging
Batting: LHB Joe Hancock 0-0: Ball
1-0: Ball
2-0: Ball
3-0: Called Strike
3-1: Foul Ball, location: 2F
3-2: Foul Ball, location: 5F
3-2: Foul Ball, location: 3DF
3-2: Foul Ball, location: 7LDF
3-2: Fly out, F7 (Flyball, 7LS, EV 95.0 MPH)
Bottom of the 11th over - 0 runs, 0 hits, 0 errors, 0 left on base; San Antonio 6 - Northwest Arkansas 6
TOP OF THE 12TH
San Antonio Missions batting - Pitching for Northwest Arkansas Naturals : LHP Don McKinney
Batting: RHB John Howatt 0-0: Called Strike
0-1: Ball
1-1: Called Strike
1-2: Fly out, F8 (Flyball, 78D, EV 105.0 MPH)
Batting: RHB Steve Jones 0-0: Ball
1-0: Ball
2-0: Ball
3-0: Called Strike
3-1: Foul Ball, location: 9LMF
3-2: Base on Balls
Batting: RHB Orlando Hernández 0-0: Ball
1-0: Foul Ball, location: 9LMF
1-1: Ball
2-1: SINGLE (Groundball, 34, EV 100.0 MPH)
Steve Jones to second
Runner from 2nd tries for 3rd, SAFE, throw by RF made to third
Orlando Hernández to second
Batting: RHB Mike Miller 0-0: Ball
1-0: Ball
2-0: Ball
3-0: Called Strike
3-1: Base on Balls
Batting: RHB Luis Miguel Ortíz 0-0: Foul Ball, location: 23F
0-1: Ball
1-1: Called Strike
1-2: Ball
2-2: Ball
3-2: Strikes out swinging
Batting: RHB Tim James 0-0: Foul Ball, location: 2F
0-1: Fly out, F8 (Flyball, 8LD, EV 103.8 MPH)
Top of the 12th over - 0 runs, 1 hit, 0 errors, 3 left on base; San Antonio 6 - Northwest Arkansas 6
BOTTOM OF THE 12TH
Northwest Arkansas Naturals batting - Pitching for San Antonio Missions : RHP Kevin Horsfall
Pitching: RHP Jim Lang
Batting: RHB Luis Serrano 0-0: Foul Ball, location: 2F
0-1: Swinging Strike
0-2: Ground out 5-3 (Groundball, 56S, EV 74.4 MPH)
Batting: LHB Sonny Pouliot 0-0: Ball
1-0: Ball
2-0: DOUBLE (Line Drive, 78XD, EV 103.1 MPH)
Batting: SHB Jesús Catete 0-0: Ball
1-0: Fly out, F7 (Flyball, 7S, EV 81.9 MPH)
Batting: RHB Cisco Gómez 0-0: Intentional Walk
Batting: RHB Cris Camacho 0-0: Swinging Strike
0-1: Swinging Strike
0-2: Strikes out swinging
Bottom of the 12th over - 0 runs, 1 hit, 0 errors, 2 left on base; San Antonio 6 - Northwest Arkansas 6
TOP OF THE 13TH
San Antonio Missions batting - Pitching for Northwest Arkansas Naturals : LHP Don McKinney
Pitching: RHP Ismael Bianchetti
Batting: RHB Jorge Cabrera 0-0: Swinging Strike
0-1: Ball
1-1: Ball
2-1: Called Strike
2-2: Strikes out swinging
Pinch Hitting: LHB Shawn Jones 0-0: Ball
1-0: Ball
2-0: Ball
3-0: Fly out, F7 (Flyball, 7LM, EV 81.3 MPH)
Batting: RHB Peder Fenger 0-0: SINGLE (Line Drive, 3D, EV 66.3 MPH)
Batting: RHB John Howatt 0-0: Called Strike
0-1: Ball
1-1: Ball
2-1: Ground out 4-3 (Groundball, 4, EV 86.9 MPH)
Top of the 13th over - 0 runs, 1 hit, 0 errors, 1 left on base; San Antonio 6 - Northwest Arkansas 6
BOTTOM OF THE 13TH
Northwest Arkansas Naturals batting - Pitching for San Antonio Missions : RHP Jim Lang
Now at C: Walt Stewart
Batting: RHB Marlon Whaley 0-0: Ball
1-0: Foul Ball, location: 2F
1-1: Swinging Strike
1-2: Ball
2-2: Ball
3-2: Strikes out looking
Batting: SHB Luis Ramírez 0-0: Ball
1-0: Ball
2-0: Foul Ball, location: 2F
2-1: Foul Ball, location: 7LMF
2-2: Ball
3-2: Base on Balls
Batting: RHB José Mendoza 0-0: Called Strike
Luis Ramírez steals 2nd, throwing error, E2
Luis Ramírez to third
0-1: Ball
1-1: Swinging Strike
1-2: Fly out, F3 (Popup, 3SF, EV 79.4 MPH)
Batting: LHB Joe Hancock 0-0: Intentional Walk
Batting: RHB Luis Serrano 0-0: Ball
1-0: Called Strike
1-1: Foul Ball, location: 2LF
1-2: Foul Ball, location: 25F
1-2: Ball
2-2: Fly out, F4 (Popup, 4, EV 62.5 MPH)
Bottom of the 13th over - 0 runs, 0 hits, 1 error, 2 left on base; San Antonio 6 - Northwest Arkansas 6
TOP OF THE 14TH
San Antonio Missions batting - Pitching for Northwest Arkansas Naturals : RHP Ismael Bianchetti
Batting: RHB Steve Jones 0-0: Swinging Strike
0-1: Ball
1-1: Ball
2-1: Ground out 5-3 (Groundball, 56S, EV 73.8 MPH)
Batting: RHB Orlando Hernández 0-0: Swinging Strike
0-1: Called Strike
0-2: Fly out, F5 (Popup, 56S, EV 71.9 MPH)
Batting: RHB Mike Miller 0-0: Called Strike
0-1: Called Strike
0-2: Ball
1-2: Fly out, F7 (Flyball, 7LS, EV 73.1 MPH)
Top of the 14th over - 0 runs, 0 hits, 0 errors, 0 left on base; San Antonio 6 - Northwest Arkansas 6
BOTTOM OF THE 14TH
Northwest Arkansas Naturals batting - Pitching for San Antonio Missions : RHP Jim Lang
Batting: LHB Sonny Pouliot 0-0: SINGLE (Groundball, 56, EV 101.9 MPH)
Batting: SHB Jesús Catete 0-0: Ball
1-0: Ball
2-0: Called Strike
Sonny Pouliot steals 2nd base
2-1: Ball
3-1: Sac Bunt to 3S - play at first, batter OUT! 3-1
Sonny Pouliot to third
Batting: RHB Cisco Gómez 0-0: Intentional Walk
Batting: RHB Cris Camacho 0-0: Ball
1-0: Fielders Choice at home, 3-2 (Groundball, 34, EV 105.6 MPH)
Cisco Gómez to second
Batting: RHB Marlon Whaley 0-0: Ball
1-0: Foul Ball, location: 9LMF
1-1: Ball
2-1: Ball
3-1: Swinging Strike
3-2: SINGLE (Groundball, 4D, EV 100.6 MPH) (infield hit)
Cisco Gómez to third
Cris Camacho to second
Batting: SHB Luis Ramírez 0-0: Ground out U3 (Groundball, 34S, EV 92.5 MPH)
Bottom of the 14th over - 0 runs, 2 hits, 0 errors, 3 left on base; San Antonio 6 - Northwest Arkansas 6
TOP OF THE 15TH
San Antonio Missions batting - Pitching for Northwest Arkansas Naturals : RHP Ismael Bianchetti
Batting: RHB Luis Miguel Ortíz 0-0: Foul Ball, location: 2F
0-1: Fly out, F7 (Flyball, 7, EV 94.4 MPH)
Batting: RHB Tim James 0-0: Ball
1-0: Ground out 4-3 (Groundball, 4, EV 108.8 MPH)
Batting: RHB Jorge Cabrera 0-0: Foul Ball, location: 25F
0-1: Ball
1-1: Called Strike
1-2: Foul Ball, location: 2F
1-2: Ball
2-2: Foul Ball, location: 7LDF
2-2: Ball
3-2: Strikes out swinging
Top of the 15th over - 0 runs, 0 hits, 0 errors, 0 left on base; San Antonio 6 - Northwest Arkansas 6
BOTTOM OF THE 15TH
Northwest Arkansas Naturals batting - Pitching for San Antonio Missions : RHP Jim Lang
Batting: RHB José Mendoza 0-0: SINGLE (Groundball, 6, EV 90.6 MPH)
Batting: LHB Joe Hancock 0-0: Swinging Strike
0-1: Foul Ball, location: 7LDF
0-2: Ball
1-2: Grounds into double play, 4-6-3 (Groundball, 4, EV 100.0 MPH)
Batting: RHB Luis Serrano 0-0: Called Strike
0-1: Ball
1-1: Called Strike
1-2: Fly out, F9 (Line Drive, 9D, EV 97.5 MPH)
Bottom of the 15th over - 0 runs, 1 hit, 0 errors, 0 left on base; San Antonio 6 - Northwest Arkansas 6
TOP OF THE 16TH
San Antonio Missions batting - Pitching for Northwest Arkansas Naturals : RHP Ismael Bianchetti
Pinch Hitting: RHB Luis Vázquez 0-0: Ground out 5-3 (Groundball, 56S, EV 83.8 MPH)
Batting: RHB Peder Fenger 0-0: Ball
1-0: Ground out 4-3 (Groundball, 4, EV 85.0 MPH)
Batting: RHB John Howatt 0-0: Fly out, F7 (Flyball, 7LS, EV 98.8 MPH)
Top of the 16th over - 0 runs, 0 hits, 0 errors, 0 left on base; San Antonio 6 - Northwest Arkansas 6
BOTTOM OF THE 16TH
Northwest Arkansas Naturals batting - Pitching for San Antonio Missions : RHP Jim Lang
Now at C: Pat Griffin
Batting: LHB Sonny Pouliot 0-0: Ball
1-0: Fly out, F9 (Flyball, 9S, EV 95.6 MPH)
Batting: SHB Jesús Catete 0-0: Called Strike
0-1: Foul Ball, location: 3F
0-2: SOLO HOME RUN (Flyball, 78XD, EV 111.3 MPH), Distance : 441 ft
Bottom of the 16th over - 1 run, 1 hit, 0 errors, 0 left on base; San Antonio 6 - Northwest Arkansas 7
Monday, April 29th , 2024 - OOTP Baseball 24.10 Build 82